[Event "Titled Tuesday Blitz November 07 Late 2023"]
[White "Suspenser17"]
[Black "Shuvalova, Polina"]
[BlackFideId "24171760"]
[WhiteElo "2424"]
[BlackElo "2656"]
[Result "1-0"]
[Round "4"]
[TimeControl "180+1"]
[Date "2023.11.07"]
[WhiteClock "0:00:08"]
[BlackClock "0:00:00"]
[Board "71"]

1. e4 c6 2. d4 d5 3. e5 Bf5 4. h4 h5 5. Bd3 Bxd3 6. Qxd3 Qa5+ 7. Nd2 e6 8. Nf3 Nh6 9. O-O Nf5 10. c4 Be7 11. g3 Qa6 12. a4 Nd7 13. b3 b6 14. Ba3 Bxa3 15. Rxa3 g6 16. b4 c5 17. bxc5 bxc5 18. Rb1 cxd4 19. cxd5 Qxd3 20. Rxd3 exd5 21. Nb3 Rb8 22. Rbd1 O-O 23. Nbxd4 Nxd4 24. Rxd4 Rb3 25. Kg2 Nc5 26. Rxd5 Nxa4 27. Ra5 Nb2 28. Rd7 Nc4 29. Rc5 Nb6 30. Rxa7 Rc8 31. Rxc8+ Nxc8 32. Ra8 Rc3 33. Nd4 Kg7 34. e6 Ne7 35. Ra7 Kf6 36. exf7 Kxf7 37. Nf3 Kf6 38. Ng5 Rc6 39. Ne4+ Ke6 40. Ng5+ Kd6 41. Ra8 Rc2 42. Rd8+ Ke5 43. Re8 Kf6 44. Rf8+ Ke5 45. Nf3+ Kd6 46. Rf6+ Kd7 47. Ne5+ Ke8 48. Nxg6 Nd5 49. Re6+ Kf7 50. Re5 Rd2 51. Nf4 Nxf4+ 52. gxf4 Kg6 53. Rg5+ Kh6 54. f5 Rd4 55. Kg3 Rd3+ 56. f3 Rd1 57. Rg6+ Kh7 58. Kf4 Rh1 59. Kg3 Rg1+ 60. Kf2 Rh1 61. Kg3 Rg1+ 62. Kh2 Rf1 63. Rg5 Kh6 64. Kg2 Ra1 65. f6 Ra7 66. Rg7 Ra6 67. Rf7 Kg6 68. Rf8 Ra2+ 69. Kg3 Ra1 70. Rg8+ Kxf6 71. Rg5 Rg1+ 72. Kf4 Rh1 73. Rxh5 Ra1 74. Rh6+ Kg7 75. Rb6 Rh1 76. Kg4 Rg1+ 77. Kf5 Rf1 78. f4 Rh1 79. Rb7+ Kh6 80. Rb6+ Kg7 81. Kg5 Rg1+ 82. Kh5 Rf1 83. Kg4 Rg1+ 84. Kh5 Rf1 85. Rb4 Kf6 86. Kg4 Rg1+ 87. Kh5 Rf1 88. Rb6+ Kf5 89. Rb8 Rh1 90. Rf8+ Ke6 91. f5+ Ke7 92. Ra8 Kf6 93. Ra5 Rh2 94. Rb5 Rh1 95. Ra5 Rh2 96. Kg4 Rg2+ 97. Kh3 Rg1 98. h5 Rh1+ 99. Kg4 Rg1+ 100. Kf4 Rh1 101. Ra6+ Kg7 102. Ke5 Rxh5 103. Ra7+ Kf8 104. Kf6 Rh6+ 105. Kg5 Rh1 106. Kg6 Rb1 107. Ra8+ Ke7 108. f6+ Ke6 109. Ra6+ Kd7 110. f7 Rg1+ 111. Kf6 Rf1+ 112. Kg7 Rg1+ 113. Rg6 Rf1 114. f8=Q Rxf8 115. Kxf8 1-0


[Site "https://www.chess.com"]

[Event "Titled Tuesday Blitz November 07 Late 2023"]
[White "FuenfgegenWilly"]
[Black "Arman, Deniz"]
[BlackFideId "6302106"]
[WhiteElo "2419"]
[BlackElo "2654"]
[Result "1-0"]
[Round "4"]
[TimeControl "180+1"]
[Date "2023.11.07"]
[WhiteClock "0:00:46"]
[BlackClock "0:00:10"]
[Board "72"]

1. e4 d5 2. exd5 Qxd5 3. Nc3 Qd6 4. d4 Nf6 5. g3 Bg4 6. Qd3 Nc6 7. Nge2 Nb4 8. Qd2 Bf5 9. Nb5 Nxc2+ 10. Qxc2 Bxc2 11. Nxd6+ exd6 12. Bg2 O-O-O 13. Bg5 Be7 14. Rc1 Bf5 15. Nc3 Rhe8 16. O-O Kb8 17. Rfd1 h6 18. Bxf6 Bxf6 19. Nd5 c6 20. Nxf6 gxf6 21. Bf3 Be4 22. Kg2 d5 23. b4 a6 24. a4 Re6 25. Rc5 b6 26. Rc3 Kb7 27. Rd2 Rg8 28. Rb2 Rg4 29. Rd2 Rg5 30. Rb2 Rf5 31. g4 Rxf3 32. Rxf3 Bxf3+ 33. Kxf3 Re4 34. Rd2 Kc7 35. h4 h5 36. g5 Rxh4 37. gxf6 Kd6 38. Re2 Rxd4 39. Re7 Rxb4 40. Rxf7 Rxa4 41. Rb7 Ra3+ 42. Kf4 Ra4+ 43. Kf5 Rg4 44. f7 Kc5 45. f8=Q+ Kb5 46. Qd8 Kc4 47. Qxb6 c5 48. Qxa6+ Kd4 49. Qa4+ c4 50. Qa7+ Kd3 51. Qe3+ Kc2 52. Qe2+ Kc3 53. Qe1+ Kd3 54. Qd1+ Kc3 55. Qc1+ Kd4 56. Qe3# 1-0


[Site "https://www.chess.com"]

[Event "Titled Tuesday Blitz November 07 Late 2023"]
[White "Balla, Tamas-Kristof"]
[Black "Chor, Kevin"]
[WhiteFideId "1208497"]
[BlackFideId "2090740"]
[WhiteElo "2358"]
[BlackElo "2652"]
[Result "0-1"]
[Round "4"]
[TimeControl "180+1"]
[Date "2023.11.07"]
[WhiteClock "0:00:13"]
[BlackClock "0:00:31"]
[Board "73"]

1. e4 c5 2. c3 g6 3. d4 cxd4 4. cxd4 d5 5. e5 Bg7 6. Nc3 Nc6 7. h3 Nh6 8. Nf3 O-O 9. Bb5 e6 10. O-O Nf5 11. Re1 Bd7 12. b3 Qa5 13. Bb2 Nxe5 14. Nxe5 Bxb5 15. Nxb5 Qxb5 16. Rc1 Rac8 17. Qd2 Rfd8 18. Qf4 Bh6 19. Rxc8 Rxc8 20. Qf3 Rc2 21. Rb1 Qe2 22. Qxe2 Rxe2 23. Ng4 Bg7 24. Kf1 Rc2 25. Ne3 Nxe3+ 26. fxe3 Bh6 27. Bc1 Rxa2 28. b4 b5 29. g4 Bg5 30. Ke1 Rh2 31. Kd1 Rxh3 32. Rb3 Rg3 33. Ra3 Kg7 34. Rxa7 Bxe3 35. Bxe3 Rxe3 36. Rb7 Rd3+ 37. Ke2 Rxd4 38. Rxb5 Rxg4 39. Rb8 h5 40. b5 Rb4 41. Rb7 h4 42. Kf3 g5 43. Kg2 Kg6 44. Kf3 f6 45. Rb8 Kf5 46. Kg2 Kg4 47. Kh2 Rb2+ 48. Kh1 Kg3 0-1


[Site "https://www.chess.com"]

[Event "Titled Tuesday Blitz November 07 Late 2023"]
[White "Harriott, Tyrell"]
[Black "Thomforde-Toates, Noah"]
[WhiteFideId "2086484"]
[BlackFideId "30951992"]
[WhiteElo "2354"]
[BlackElo "2650"]
[Result "1-0"]
[Round "4"]
[TimeControl "180+1"]
[Date "2023.11.07"]
[WhiteClock "0:00:21"]
[BlackClock "0:00:10"]
[Board "74"]

1. d4 Nf6 2. e3 g6 3. Bd3 d6 4. f4 Nbd7 5. Nf3 c5 6. O-O Bg7 7. Nbd2 b6 8. c3 Bb7 9. Qe1 Qc7 10. e4 e5 11. fxe5 dxe5 12. d5 O-O-O 13. Qe2 h6 14. a4 Ne8 15. Nc4 Nd6 16. Nfd2 f6 17. b4 Rde8 18. Ba3 Rhf8 19. Rab1 Nxc4 20. Nxc4 f5 21. d6 Qd8 22. exf5 e4 23. Bc2 Bxc3 24. bxc5 Bd4+ 25. Kh1 Bxc5 26. fxg6 Qg5 27. Rxf8 Rxf8 28. Bxe4 Qf4 29. Bxb7+ Kxb7 30. Na5+ Kb8 31. g7 Rg8 32. Qe6 Nf6 33. Bxc5 Rxg7 34. Nc6+ Kb7 35. Ne7 Ne4 36. Qc8# 1-0


[Site "https://www.chess.com"]

[Event "Titled Tuesday Blitz November 07 Late 2023"]
[White "Maect19"]
[Black "Ehlvest, Jaan"]
[BlackFideId "4500016"]
[WhiteElo "2348"]
[BlackElo "2641"]
[Result "0-1"]
[Round "4"]
[TimeControl "180+1"]
[Date "2023.11.07"]
[WhiteClock "0:01:35"]
[BlackClock "0:01:48"]
[Board "75"]

1. d4 Nf6 2. Nf3 e6 3. e3 c5 4. Bd3 b6 5. O-O Bb7 6. Nbd2 d5 7. b3 Nc6 8. Bb2 Bd6 9. a3 O-O 10. Ne5 Ne7 11. f4 Qc7 12. c4 Rad8 13. Qe2 Ne4 14. Bxe4 dxe4 15. Rad1 f6 16. Qg4 Nf5 17. Rde1 fxe5 18. fxe5 Bxe5 19. Nxe4 Bxh2+ 20. Kh1 Bxe4 21. dxc5 Ng3+ 0-1


[Site "https://www.chess.com"]

[Event "Titled Tuesday Blitz November 07 Late 2023"]
[White "Pavlidou, Ekaterini"]
[Black "Amburgy, Ryan"]
[WhiteFideId "4213262"]
[BlackFideId "30924820"]
[WhiteElo "2347"]
[BlackElo "2641"]
[Result "0-1"]
[Round "4"]
[TimeControl "180+1"]
[Date "2023.11.07"]
[WhiteClock "0:00:30"]
[BlackClock "0:01:21"]
[Board "76"]

1. d4 Nf6 2. c4 e6 3. Nc3 Bb4 4. e3 O-O 5. Bd2 b6 6. Nf3 Bb7 7. Bd3 d6 8. a3 Bxc3 9. Bxc3 Nbd7 10. Qc2 Qe7 11. Nd2 Rac8 12. e4 e5 13. d5 c6 14. b4 cxd5 15. exd5 e4 16. Be2 e3 17. Nf3 exf2+ 18. Kf1 Bxd5 19. cxd5 Nxd5 20. Qd2 Nxc3 21. Nd4 Nf6 22. Nf5 Qe5 23. Bd3 Nce4 24. Bxe4 Nxe4 0-1


[Site "https://www.chess.com"]

[Event "Titled Tuesday Blitz November 07 Late 2023"]
[White "Garrido, Denis"]
[Black "Aarav Dengla"]
[WhiteFideId "601217"]
[BlackFideId "45059756"]
[WhiteElo "2325"]
[BlackElo "2632"]
[Result "0-1"]
[Round "4"]
[TimeControl "180+1"]
[Date "2023.11.07"]
[WhiteClock "0:00:12"]
[BlackClock "0:00:12"]
[Board "77"]

1. e4 c5 2. Nf3 d6 3. d4 cxd4 4. Nxd4 Nf6 5. Nc3 a6 6. Nf3 Nbd7 7. a4 Nc5 8. e5 Ng4 9. exd6 exd6 10. Bg5 Be7 11. Qe2 Be6 12. Bxe7 Qxe7 13. h3 Nf6 14. Nd4 O-O 15. Nxe6 Nxe6 16. O-O-O Rac8 17. g4 Qd7 18. g5 Nxg5 19. Rg1 Ne6 20. Qf3 Kh8 21. Re1 d5 22. Bd3 Rxc3 23. bxc3 Qxa4 24. Qg3 Rg8 25. Qe5 Qh4 26. Rg3 Re8 27. Reg1 Nf4 28. Qd4 Qh6 29. Kb2 Ne6 30. Qb4 Qf4 31. Qxf4 Nxf4 32. Rxg7 Rf8 33. R7g5 Nxh3 34. Rf5 Nxg1 35. Rxf6 Kg7 36. Rd6 Nh3 37. Rxd5 Nxf2 38. Rg5+ Kh6 39. Rd5 Nxd3+ 40. cxd3 f5 41. Rd7 f4 42. Rd6+ Kg5 43. Rd5+ Kg4 44. Rd7 f3 45. Rxh7 f2 46. Rg7+ Kf3 0-1


[Site "https://www.chess.com"]

[Event "Titled Tuesday Blitz November 07 Late 2023"]
[White "reevecanada"]
[Black "Ruge, Edison"]
[BlackFideId "4401000"]
[WhiteElo "2632"]
[BlackElo "2301"]
[Result "1-0"]
[Round "4"]
[TimeControl "180+1"]
[Date "2023.11.07"]
[WhiteClock "0:01:11"]
[BlackClock "0:00:00"]
[Board "78"]

1. e4 e5 2. Nf3 Nc6 3. d4 d6 4. Bb5 exd4 5. Nxd4 Bd7 6. Bxc6 bxc6 7. c4 Nf6 8. Nc3 Be7 9. O-O O-O 10. b3 c5 11. Nde2 Bc6 12. f3 Nd7 13. Bb2 Bf6 14. Qd2 Re8 15. Rad1 Bg5 16. Qc2 Be3+ 17. Kh1 Qh4 18. Ng3 Bf4 19. Nce2 Be5 20. Bxe5 Rxe5 21. Nf5 Qf6 22. Neg3 g6 23. Ne3 h5 24. a3 Rae8 25. b4 cxb4 26. axb4 Nf8 27. Qa2 Qf4 28. Rd3 h4 29. Ne2 Qh6 30. Ng4 Qg7 31. Nxe5 Rxe5 32. Qxa7 f5 33. Nc3 h3 34. gxh3 fxe4 35. fxe4 Rxe4 36. Nxe4 Bxe4+ 37. Rdf3 Ne6 38. Kg1 Bxf3 39. Rxf3 Qe5 40. Qe3 Ng5 41. Rg3 Ne4 42. Rxg6+ Kf7 43. Rg4 Qa1+ 44. Kg2 Qb2+ 45. Kf3 Nd2+ 46. Kg2 Nxc4+ 47. Qf2+ Qxf2+ 48. Kxf2 Ne5 49. Rg3 d5 50. h4 d4 51. h5 Nc6 52. h6 Nxb4 53. h7 d3 54. h8=Q 1-0


[Site "https://www.chess.com"]

[Event "Titled Tuesday Blitz November 07 Late 2023"]
[White "Ismagilov, Damir"]
[Black "Samarth J Rao"]
[WhiteFideId "34199982"]
[BlackFideId "46652370"]
[WhiteElo "2630"]
[BlackElo "2098"]
[Result "0-1"]
[Round "4"]
[TimeControl "180+1"]
[Date "2023.11.07"]
[WhiteClock "0:01:06"]
[BlackClock "0:00:25"]
[Board "79"]

1. d4 d5 2. Bf4 Nf6 3. e3 e6 4. Nd2 Nbd7 5. Bd3 Be7 6. c3 c5 7. h3 O-O 8. Ngf3 c4 9. Bc2 b5 10. O-O Bb7 11. a3 a5 12. Qe2 b4 13. e4 Nxe4 14. Nxe4 dxe4 15. Bxe4 Bxe4 16. Qxe4 Nf6 17. Qe2 Nd5 18. Bd2 Qc7 19. Ne5 bxa3 20. bxa3 Rfc8 21. a4 Bd6 22. f4 Rab8 23. Rfb1 Bxe5 24. Qxe5 Qxe5 25. dxe5 Kf8 26. Rb5 Rxb5 27. axb5 Ra8 28. Ra4 Nb6 29. Ra2 Ke7 30. Be3 Nd5 31. Bc5+ Kd7 32. g3 Nxc3 33. Rc2 Nxb5 34. Rxc4 a4 35. Rb4 Kc6 36. Rc4 Kd5 37. Rc1 a3 38. Bb4 a2 39. Ra1 Kc4 40. Be1 Nd4 41. Rc1+ Kd5 42. Ra1 Nb3 43. Rd1+ Kc6 44. Bc3 a1=Q 45. Bxa1 Rxa1 46. Rxa1 Nxa1 47. Kf2 Kd5 48. Ke3 g6 49. g4 Nb3 50. Kf3 Nd4+ 51. Kg3 Ke4 52. g5 Ne2+ 53. Kh4 Nxf4 54. Kg4 Kxe5 55. h4 Nh5 56. Kf3 Kf5 57. Ke3 Kg4 58. Ke4 Kxh4 59. Ke5 Kxg5 60. Kd6 f5 61. Ke7 f4 62. Kf8 f3 63. Kg8 f2 64. Kh8 f1=Q 65. Kg8 Qf2 66. Kh8 Qf8+ 67. Kxh7 Qg7# 0-1


[Site "https://www.chess.com"]

[Event "Titled Tuesday Blitz November 07 Late 2023"]
[White "Grigoriants, Sergey"]
[Black "Medeiros Jr, Francisco De Assis"]
[WhiteFideId "4130804"]
[BlackFideId "2114267"]
[WhiteElo "2908"]
[BlackElo "2498"]
[Result "1/2-1/2"]
[Round "4"]
[TimeControl "180+1"]
[Date "2023.11.07"]
[WhiteClock "0:00:16"]
[BlackClock "0:00:21"]
[Board "80"]

1. d4 d5 2. c4 e6 3. Nc3 a6 4. cxd5 exd5 5. Nf3 c6 6. Bf4 Bd6 7. Bg3 Ne7 8. e3 O-O 9. Qb3 b5 10. Bd3 Bf5 11. Qc2 Bxd3 12. Qxd3 Qc7 13. O-O Bxg3 14. hxg3 Nd7 15. Rac1 Qd6 16. Ne2 Rfc8 17. Rfd1 Nf6 18. Rc2 a5 19. Rdc1 h6 20. Ne5 Nd7 21. Nxd7 Qxd7 22. Nf4 Nf5 23. Rc5 a4 24. Qc2 Ne7 25. Nd3 Ra6 26. Nb4 Rb6 27. b3 Ra8 28. Nxc6 Rxc6 29. Rxc6 Nxc6 30. Qxc6 Qxc6 31. Rxc6 axb3 32. axb3 Ra1+ 33. Kh2 Rb1 34. Rc5 Rxb3 35. g4 Kf8 36. Rxd5 Ke7 37. Kg3 b4 38. Rb5 Kd6 39. Rb7 Kc6 40. Rxf7 Rd3 41. Rf8 Kb7 42. Rf5 Ka6 43. Rf8 Kb7 44. Rf7+ Kb6 45. Rxg7 b3 46. Rg6+ Kb7 47. Rxh6 Rd1 48. Rh7+ Ka6 49. Rh8 Kb7 50. Rh7+ Ka6 51. Rh8 Kb7 52. Rh7+ 1/2-1/2


[Site "https://www.chess.com"]

[Event "Titled Tuesday Blitz November 07 Late 2023"]
[White "ChessBrainiacOnTwitch"]
[Black "Halak, Miklos"]
[BlackFideId "726400"]
[WhiteElo "2794"]
[BlackElo "2452"]
[Result "1-0"]
[Round "4"]
[TimeControl "180+1"]
[Date "2023.11.07"]
[WhiteClock "0:02:39"]
[BlackClock "0:02:28"]
[Board "81"]

1. e4 c6 2. d4 d5 3. e5 c5 4. Nf3 Nc6 5. dxc5 e6 6. Be3 Nge7 7. Bd3 Qc7 8. Nc3 Nxe5 9. Nb5 Nxf3+ 10. Qxf3 Qa5+ 11. Bd2 Qa4 12. Nd6+ 1-0


[Site "https://www.chess.com"]

[Event "Titled Tuesday Blitz November 07 Late 2023"]
[White "Rojas Alarcon, Julian Antonio"]
[Black "Oglaza, Oskar"]
[WhiteFideId "5107407"]
[BlackFideId "1194402"]
[WhiteElo "2669"]
[BlackElo "2445"]
[Result "1/2-1/2"]
[Round "4"]
[TimeControl "180+1"]
[Date "2023.11.07"]
[WhiteClock "0:00:47"]
[BlackClock "0:00:22"]
[Board "82"]

1. e4 c5 2. Nf3 d6 3. d4 cxd4 4. Nxd4 Nf6 5. Nc3 a6 6. Qf3 Qc7 7. h3 Nc6 8. Be3 g6 9. g4 Bg7 10. O-O-O Be6 11. g5 Nd7 12. h4 Nde5 13. Qg3 b5 14. f4 Nc4 15. Nxe6 fxe6 16. Bxc4 bxc4 17. f5 Bxc3 18. bxc3 Qa5 19. Kd2 exf5 20. exf5 Qxf5 21. Rhf1 Qd5+ 22. Ke2 Qe4 23. Rd2 Ne5 24. Rf4 Qh1 25. Bd4 Rf8 26. Bxe5 dxe5 27. Rxf8+ Kxf8 28. Qxe5 Qg2+ 29. Ke3 Qh3+ 30. Ke2 Qg4+ 31. Kf1 Qh3+ 32. Kg1 Qg4+ 33. Rg2 Qd1+ 34. Kh2 Qd6 35. Qg3 Rb8 36. Rf2+ Kg8 37. Kh3 Qe6+ 38. Kg2 Rd8 39. Qf4 Qd5+ 40. Kg1 Qe6 41. Kh2 Qd6 42. Kg3 Qxf4+ 43. Rxf4 Rd2 44. Rxc4 Rxc2 45. a4 Kf7 46. Kf4 Ke6 47. Rc6+ Kd5 48. Rxa6 Rxc3 49. Ra8 e5+ 50. Kg4 e4 51. Ra7 e3 52. Kf3 Rc4 53. Rxh7 Rxa4 54. Kxe3 Ke5 55. Rh6 Ra3+ 56. Kd2 Kf5 57. Kc2 Rh3 58. Kb2 Kg4 59. Rxg6 Rxh4 60. Rg8 Kf5 61. g6 Kf6 62. g7 Kf7 63. Rh8 Rg4 64. g8=Q+ Rxg8 65. Rh6 Rg6 66. Rh5 Rf6 67. Kc3 Kg6 68. Rh1 Kg5 69. Kd4 Rf4+ 70. Ke3 Rf5 71. Rh8 Kf6 72. Rf8+ Ke5 73. Re8+ Kf6 74. Ke4 Ra5 75. Rf8+ Kg5 76. Rg8+ Kf6 77. Rh8 Ra4+ 78. Kd5 Ra5+ 79. Kc6 Ra6+ 80. Kc5 Ra5+ 81. Kb6 Re5 82. Kc6 Re1 83. Kd6 Rd1+ 84. Kc5 Rc1+ 85. Kd4 Rd1+ 86. Ke3 Re1+ 87. Kf2 Ra1 88. Kf3 Ra3+ 89. Ke4 Ra4+ 90. Kd5 Ra5+ 91. Kc4 Ra4+ 92. Kb5 Ra1 93. Kb4 Rb1+ 94. Kc3 Rc1+ 95. Kd3 Rd1+ 96. Ke3 Re1+ 97. Kf3 Rf1+ 98. Ke3 Re1+ 1/2-1/2


[Site "https://www.chess.com"]

[Event "Titled Tuesday Blitz November 07 Late 2023"]
[White "Adla, Diego"]
[Black "Marchesich, Giovanni"]
[WhiteFideId "100072"]
[BlackFideId "2824790"]
[WhiteElo "2643"]
[BlackElo "2420"]
[Result "0-1"]
[Round "4"]
[TimeControl "180+1"]
[Date "2023.11.07"]
[WhiteClock "0:00:30"]
[BlackClock "0:00:55"]
[Board "83"]

1. Nf3 Nf6 2. g3 c5 3. c4 d5 4. cxd5 Nxd5 5. b3 f6 6. Bb2 e5 7. d3 Nc6 8. Bg2 Be6 9. Nc3 Be7 10. O-O Qd7 11. a3 h5 12. Rc1 h4 13. Nxd5 Bxd5 14. e4 Be6 15. Nxh4 Bh3 16. f4 Bxg2 17. Kxg2 O-O-O 18. fxe5 fxe5 19. Nf5 g6 20. Nxe7+ Nxe7 21. h4 Nc6 22. Rxc5 Kb8 23. Rd5 Qe7 24. Rxd8+ Rxd8 25. Qg4 Rxd3 26. Qxg6 Rd2+ 27. Rf2 Rxf2+ 28. Kxf2 Qc5+ 29. Kf3 a6 30. Qg8+ Ka7 31. Qd5 Qc2 32. Bxe5 Qb1 33. Bd4+ Kb8 34. Be5+ Ka7 35. Qc5+ Ka8 36. Kg4 Qd1+ 37. Kf5 Qf3+ 38. Ke6 Qg4+ 39. Kd5 Qg8+ 40. Kd6 Qf8+ 41. Kd5 Qf7+ 42. Kd6 Qe7+ 43. Kd5 Qxe5+ 44. Kc4 b5+ 0-1


[Site "https://www.chess.com"]

[Event "Titled Tuesday Blitz November 07 Late 2023"]
[White "Bochnicka, Vladimir"]
[Black "Lamard, Guillaume"]
[WhiteFideId "14943450"]
[BlackFideId "600261"]
[WhiteElo "2414"]
[BlackElo "2639"]
[Result "1-0"]
[Round "4"]
[TimeControl "180+1"]
[Date "2023.11.07"]
[WhiteClock "0:00:08"]
[BlackClock "0:00:04"]
[Board "84"]

1. e4 c5 2. Nf3 d6 3. d4 cxd4 4. Nxd4 Nf6 5. Nc3 a6 6. Be3 e6 7. g4 h6 8. Rg1 b5 9. f3 Bb7 10. Qd2 Nbd7 11. O-O-O Nb6 12. Kb1 Rc8 13. h4 b4 14. Nce2 d5 15. e5 Nc4 16. Qd3 Nxe5 17. Qb3 Nfd7 18. Nf4 Qa5 19. Ndxe6 fxe6 20. Nxe6 Nc5 21. Bxc5 Bxc5 22. Rg2 Qb6 23. Nxg7+ Kf7 24. Nf5 Rhe8 25. f4 Nd7 26. g5 hxg5 27. hxg5 Qe6 28. Qh3 Rh8 29. Nh6+ Rxh6 30. Qxh6 Qxh6 31. gxh6 Bf8 32. h7 Bg7 33. Bd3 Bh8 34. Rdg1 Nf6 35. Bg6+ Ke7 36. Bf5 Rf8 37. Rg8 Bc6 38. Re1+ Kf7 39. Bg6# 1-0


[Site "https://www.chess.com"]

[Event "Titled Tuesday Blitz November 07 Late 2023"]
[White "Hoffmann, Asa"]
[Black "Ozates, Tuna"]
[WhiteFideId "2001470"]
[BlackFideId "6354521"]
[WhiteElo "2381"]
[BlackElo "2592"]
[Result "0-1"]
[Round "4"]
[TimeControl "180+1"]
[Date "2023.11.07"]
[WhiteClock "0:01:28"]
[BlackClock "0:00:49"]
[Board "85"]

1. d4 Nf6 2. Bg5 Ne4 3. Bf4 c5 4. f3 Nf6 5. dxc5 b6 6. Nc3 bxc5 7. e4 Nc6 8. Bc4 d6 9. Nge2 g6 10. Qd2 Bg7 11. O-O-O O-O 12. Bh6 Ne5 13. Bd5 Rb8 14. Bxg7 Kxg7 15. f4 Qb6 16. b3 Nc6 17. h4 Nb4 18. h5 Qa5 19. Kb1 Nfxd5 20. exd5 Bf5 21. Rc1 Nxa2 22. Nxa2 Qxd2 0-1


[Site "https://www.chess.com"]

[Event "Titled Tuesday Blitz November 07 Late 2023"]
[White "TheAlienParty"]
[Black "Roberson, Peter T"]
[BlackFideId "412384"]
[WhiteElo "2353"]
[BlackElo "2584"]
[Result "0-1"]
[Round "4"]
[TimeControl "180+1"]
[Date "2023.11.07"]
[WhiteClock "0:00:10"]
[BlackClock "0:00:06"]
[Board "86"]

1. c4 b6 2. Nc3 Bb7 3. e4 e6 4. d4 Bb4 5. Bd3 f5 6. Qe2 Nf6 7. f3 Bxc3+ 8. bxc3 fxe4 9. fxe4 Nxe4 10. Bxe4 Qh4+ 11. Kf1 Qxe4 12. Qxe4 Bxe4 13. Nf3 O-O 14. Ke2 Bxf3+ 15. gxf3 Nc6 16. Rg1 Rf7 17. c5 Raf8 18. cxb6 axb6 19. Rg3 Ra8 20. a4 Rf5 21. Bh6 g6 22. h4 Rfa5 23. Bf4 d6 24. Rh1 Rxa4 25. h5 Ra2+ 26. Kd3 Kg7 27. hxg6 hxg6 28. Bh6+ Kf7 29. Be3 Rg8 30. Rh7+ Rg7 31. Rh8 Ne7 32. Rd8 Nf5 33. Rh3 Nxe3 34. Kxe3 Ra5 35. Rhh8 g5 36. Rhf8+ Kg6 37. Rg8 Rf5 38. Rh8 Rgf7 39. Rhg8+ Kf6 40. Rc8 c5 41. Rc6 Ke7 42. Rc7+ Kf6 43. Rc6 cxd4+ 44. cxd4 b5 45. Rb8 Kg7 46. Rxd6 Rxf3+ 47. Ke2 Rf2+ 48. Ke3 R7f3+ 49. Ke4 Rf4+ 50. Ke5 Re2# 0-1


[Site "https://www.chess.com"]

[Event "Titled Tuesday Blitz November 07 Late 2023"]
[White "Toropov, Pavel"]
[Black "Ramadoss, Ashokkumar"]
[WhiteFideId "24129178"]
[BlackFideId "5040990"]
[WhiteElo "2565"]
[BlackElo "2329"]
[Result "1-0"]
[Round "4"]
[TimeControl "180+1"]
[Date "2023.11.07"]
[WhiteClock "0:01:03"]
[BlackClock "0:00:00"]
[Board "87"]

1. e4 e6 2. d4 d5 3. e5 c5 4. c3 Qb6 5. Nf3 Nc6 6. a3 Bd7 7. b4 cxd4 8. cxd4 Rc8 9. Bb2 Na5 10. Nbd2 Nc4 11. Nxc4 dxc4 12. d5 exd5 13. Qxd5 Be6 14. Qe4 Ne7 15. Bd4 Qa6 16. Be2 Bd5 17. Qg4 Be6 18. Qf4 Ng6 19. Qe4 b5 20. h4 Ne7 21. Ng5 Bd5 22. Qf4 Nc6 23. Bc3 h6 24. e6 fxe6 25. Bh5+ Kd8 26. Nf7+ Kd7 27. Nxh8 e5 28. Qf5+ Be6 29. Rd1+ Bd6 30. Qh7 Nd4 31. Nf7 Qxa3 32. Bxd4 exd4 33. Qxg7 Qxb4+ 34. Kf1 d3 35. Ne5+ Kd8 36. Qf6+ 1-0


[Site "https://www.chess.com"]

[Event "Titled Tuesday Blitz November 07 Late 2023"]
[White "Przybylski, Wojciech"]
[Black "Jamal-Jamal-Jamal"]
[WhiteFideId "1117599"]
[WhiteElo "2533"]
[BlackElo "2281"]
[Result "0-1"]
[Round "4"]
[TimeControl "180+1"]
[Date "2023.11.07"]
[WhiteClock "0:00:00"]
[BlackClock "0:01:05"]
[Board "88"]

1. d4 Nf6 2. c4 e6 3. Nc3 Bb4 4. Qc2 c5 5. Nf3 O-O 6. dxc5 Na6 7. Bg5 Nxc5 8. e3 h6 9. Bxf6 Qxf6 10. Rc1 b6 11. a3 Bxc3+ 12. Qxc3 Qxc3+ 13. Rxc3 Bb7 14. Nd2 Rac8 15. f3 d5 16. cxd5 Bxd5 17. e4 Bb7 18. Bb5 Rfd8 19. b4 Nd3+ 20. Rxd3 Rxd3 21. Ke2 Rxa3 22. Rb1 Ra2 23. Ke3 Ba6 24. Bxa6 Rxa6 25. Nb3 e5 26. Kd3 Ra3 27. b5 a6 28. bxa6 Rxa6 29. Rb2 Ra3 30. g4 g6 31. h4 Kg7 32. Ke2 Rc3 33. Nd2 Re3+ 34. Kf2 Red3 35. Ke2 Rd4 36. Nf1 Rda4 37. Rb5 Ra2+ 38. Ke1 Rc4 39. Rb1 b5 40. Nd2 Rcc2 41. Rd1 b4 42. Nb3 Rh2 43. Rd2 Raxd2 44. Nxd2 Rxh4 45. Kd1 Rh2 46. Nc4 b3 47. Kc1 b2+ 48. Kb1 Kf6 49. Ne3 Kg5 50. Nc4 Kf4 51. Nd6 Kxf3 52. Nxf7 Kxe4 53. Nh8 h5 54. gxh5 gxh5 55. Nf7 Rg2 56. Nd6+ Kd5 57. Nf5 Kc5 58. Ne3 Re2 59. Nf5 Kb4 60. Ng3 Rg2 0-1


[Site "https://www.chess.com"]

[Event "Titled Tuesday Blitz November 07 Late 2023"]
[White "Urbina Perez, Juan Antonio"]
[Black "Awoki, Daniel Teidi"]
[WhiteFideId "2217368"]
[BlackFideId "2100827"]
[WhiteElo "2514"]
[BlackElo "2299"]
[Result "0-1"]
[Round "4"]
[TimeControl "180+1"]
[Date "2023.11.07"]
[WhiteClock "0:00:14"]
[BlackClock "0:00:10"]
[Board "89"]

1. c4 e5 2. g3 Nf6 3. Bg2 d5 4. cxd5 Nxd5 5. Nc3 Nb6 6. Nf3 Nc6 7. O-O Be7 8. a3 O-O 9. b4 Re8 10. Bb2 a5 11. b5 Nd4 12. d3 a4 13. Nxd4 exd4 14. Ne4 Ra5 15. Rc1 Rxb5 16. Ba1 Bxa3 17. Rb1 Rxb1 18. Qxb1 Bf8 19. Rc1 c6 20. Nc5 Bxc5 21. Rxc5 Rxe2 22. Bf3 Re7 23. Kg2 Be6 24. Qb4 Rd7 25. Ra5 Bd5 26. Bxd5 Rxd5 27. f3 Rxa5 28. Qxa5 h6 29. Qb4 Kh7 30. Bxd4 Nd5 31. Qxa4 b5 32. Qa1 f6 33. Bf2 Qd6 34. Qc1 b4 35. Bc5 Qe6 36. Qb2 b3 37. Kf2 Nc7 38. Be3 Qd5 39. d4 Nb5 40. Qb1+ Kh8 41. Qb2 Qc4 42. Ke1 Kg8 43. Kd2 Kf7 44. Qc1 Qxc1+ 45. Kxc1 Nc3 46. Bd2 Na4 47. Bb4 h5 48. h4 g6 49. Kb1 Ke6 50. Ba5 Kd5 51. Bd8 f5 52. Bf6 Kc4 53. Kc1 Kd3 54. Kb1 Ke3 55. f4 Kf3 56. Be7 Kxg3 57. Bg5 Kf3 58. Kc1 Ke3 59. Kb1 Kxd4 60. Bf6+ Kd3 61. Be5 c5 62. Bf6 c4 63. Ka1 c3 64. Kb1 c2+ 65. Kc1 b2+ 66. Bxb2 Nxb2 67. Kxb2 Kd2 68. Kb3 c1=Q 69. Kb4 Qc3+ 70. Kb5 Kd3 71. Kb6 Qc4 72. Ka7 Qb5 73. Ka8 Kd4 74. Ka7 Kc5 75. Ka8 Kc6 76. Ka7 Qb7# 0-1


[Site "https://www.chess.com"]

[Event "Titled Tuesday Blitz November 07 Late 2023"]
[White "Tifferet, Shaked"]
[Black "Bazzano, Sebastian"]
[WhiteFideId "2811529"]
[BlackFideId "104566"]
[WhiteElo "2511"]
[BlackElo "2255"]
[Result "1-0"]
[Round "4"]
[TimeControl "180+1"]
[Date "2023.11.07"]
[WhiteClock "0:00:52"]
[BlackClock "0:00:00"]
[Board "90"]

1. e4 e6 2. d4 d5 3. e5 c5 4. c3 Nc6 5. Nf3 Qb6 6. a3 c4 7. Nbd2 Na5 8. g3 Bd7 9. h4 Ne7 10. Bh3 Qc7 11. O-O Nc8 12. Ng5 Bc6 13. Qh5 g6 14. Qf3 Bg7 15. Bg4 h6 16. Nh3 Nb6 17. Nf4 Ba4 18. h5 Bc2 19. hxg6 Bxg6 20. Nxg6 fxg6 21. Bxe6 Rf8 22. Qg4 g5 23. Nf3 Nb3 24. Rb1 Nxc1 25. Rbxc1 Qe7 26. Nh2 Kd8 27. Bf5 Kc7 28. Bg6 Rad8 29. Qh5 Rh8 30. Rc2 Rdf8 31. f4 gxf4 32. Rxf4 Rxf4 33. gxf4 Rf8 34. f5 Qg5+ 35. Qxg5 hxg5 36. Ng4 Rh8 37. f6 Bf8 38. Rh2 Rxh2 39. Kxh2 Kd7 40. Bf5+ Ke8 41. e6 Bd6+ 42. Kh3 Na4 43. Ne5 Nxb2 44. f7+ 1-0


[Site "https://www.chess.com"]

[Event "Titled Tuesday Blitz November 07 Late 2023"]
[White "JackRodgers"]
[Black "Sarkar, Justin"]
[BlackFideId "2010011"]
[WhiteElo "2504"]
[BlackElo "2242"]
[Result "1-0"]
[Round "4"]
[TimeControl "180+1"]
[Date "2023.11.07"]
[WhiteClock "0:01:18"]
[BlackClock "0:00:00"]
[Board "91"]

1. d4 Nf6 2. Bg5 d5 3. Bxf6 exf6 4. e3 Be6 5. g3 c6 6. Bg2 Nd7 7. Ne2 Bd6 8. Nd2 f5 9. b3 Nf6 10. c4 Ne4 11. cxd5 cxd5 12. O-O h5 13. h4 g5 14. hxg5 h4 15. f4 hxg3 16. Nxe4 fxe4 17. Nxg3 f6 18. g6 Qd7 19. Kf2 f5 20. Rh1 O-O-O 21. Qc2+ Kb8 22. Rxh8 Rxh8 23. Rh1 Rxh1 24. Bxh1 Qg7 25. Qe2 Qxg6 26. Bg2 a6 27. Bh3 Be7 28. Qh5 Qxh5 29. Nxh5 Bh4+ 30. Ke2 Bd7 31. Ng7 Bf6 32. Nxf5 1-0


[Site "https://www.chess.com"]